 Dungeon Crawl Stone Soup version 0.24-a0-433-gbe6fa4f6cc (webtiles) character file.

Game seed: 6084445997580272209

3920 Amnesiac the Spear-Bearer (level 10, -8/71 HPs)
             Began as a Merfolk Skald on June 14, 2019.
             Was an Initiate of Gozag.
             Mangled by a gnoll sergeant
             ... wielding the +7 spear "Kineemicw" {vamp, rElec rN++}
              (14 damage)
             ... on level 7 of the Dungeon.
             The game lasted 00:20:02 (7800 turns).

Amnesiac the Spear-Bearer (Merfolk Skald)           Turns: 7800, Time: 00:20:02

Health: -8/71      AC:  7    Str: 13    XL:     10   Next: 20%
Magic:  13/16      EV: 15    Int: 13    God:    Gozag
Gold:   326        SH:  5    Dex: 15    Spells: 14/18 levels left

rFire    . . .     SeeInvis +   a - +2 whip (elec)
rCold    . . .     Gourm    .   s - +0 buckler
rNeg     . . .     Faith    .   C - +2 leather armour {MR+}
rPois    .         Spirit   .   L - +0 helmet {SInv}
rElec    .         Reflect  .   (no cloak)
rCorr    .         Harm     .   l - +0 pair of gloves
MR       +....                  (no boots)
Stlth    +.........             (no amulet)
HPRegen  0.21/turn              y - ring of wizardry
MPRegen  0.15/turn              (no ring)

@: no status effects
A: change form in water, swift swim, stealthy swim
a: Potion Petition, Call Merchant, Bribe Branch, Renounce Religion


You were on level 7 of the Dungeon.
You worshipped Gozag.
Gozag was aware of your devotion.
You were not hungry.

You visited 2 branches of the dungeon, and saw 10 of its levels.

You collected 1029 gold pieces.
You spent 650 gold pieces at shops.
You paid 53 gold pieces to Gozag.

Inventory:

Hand Weapons
 a - a +2 whip of electrocution (weapon)
 p - the +6 flail of Ascent {drain, Str+3 Dex+4 SInv}
   (You found it on level 4 of the Dungeon)

   A truly terrible weapon, it drains the life of those it strikes.
   It affects your strength (+3).
   It affects your dexterity (+4).
   It lets you see invisible.
Missiles
 o - 17 poisoned darts (quivered)
Armour
 l - a +0 pair of gloves (worn)
 s - a +0 buckler (worn)
 A - a +1 robe of cold resistance
 C - a +2 leather armour of magic resistance (worn)
 L - a +0 helmet of see invisible (worn)
Jewellery
 i - an uncursed ring of ice
 y - a ring of wizardry (left hand)
Wands
 b - a wand of disintegration (12)
 u - a wand of paralysis (6)
 v - a wand of enslavement (7)
 z - a wand of digging (4)
 K - a wand of flame (22)
Scrolls
 e - 3 scrolls of teleportation {!r}
 g - 8 scrolls of remove curse {!r}
 h - a scroll of noise {!r, unknown}
 j - a scroll of amnesia {!r, unknown}
 k - 4 scrolls of enchant armour {!r, unknown}
 q - 2 scrolls of magic mapping {!r, unknown}
 x - a scroll of immolation {!r, unknown}
 D - a scroll of torment {!r, unknown}
 M - 2 scrolls of identify {!r}
Potions
 f - 2 potions of haste {!q}
 m - a potion of lignification {!q, unknown}
 n - 7 potions of curing {!q}
 r - a potion of might {!q}
 t - a potion of brilliance {!q}
 w - a potion of resistance {!q, unknown}
 B - 2 potions of berserk rage {!q}
 F - 3 potions of flight {!q}
 G - a potion of mutation {!q}
 H - a potion of cancellation {!q}
 I - a potion of invisibility {!q}
 J - 3 potions of ambrosia {!q}
Comestibles
 d - 11 rations


   Skills:
 + Level 3.7 Fighting
   Level 14.1 Polearms
 - Level 0.6 Armour
 * Level 5.8 Dodging
 - Level 4.0 Shields
 - Level 4.5 Spellcasting
 - Level 5.1 Hexes
 - Level 5.0 Charms


You had 14 spell levels left.
You knew the following spells:

 Your Spells              Type           Power        Failure   Level  Hunger
a - Infusion              Chrm           ###.         1%          1    None
e - Spectral Weapon       Hex/Chrm       ###.....     4%          3    ###....

Your spell library contained the following spells:

 Spells                   Type           Power        Failure   Level  Hunger
 Song of Slaying          Chrm           ###.....     1%          2    ##.....
 Shroud of Golubria       Chrm/Tloc      #.....       6%          2    ##.....
 Regeneration             Chrm/Necr      #.........   11%         3    ###....


Dungeon Overview and Level Annotations

Branches:
Dungeon (9/15)             Temple (1/1) D:4
   Lair: D:8-11         Orc: D:9-12

Altars:
Ashenzari
Cheibriados
Dithmenos
Elyvilon
Fedhas
Gozag
Hepliaklqana
Kikubaaqudgha
Makhleb
Nemelex Xobeh
Okawaru
Qazlal
Sif Muna
Trog
Uskayaw
Wu Jian
Xom
Yredelemnul
Zin
The Shining One

Shops:
D:4 (   D:5 !   D:7 [

Annotations:
D:7 Ijustatesigmund's ghost, novice OpFi


Message History

Ijustatesigmund's ghost whispers, "The ORB doesn't exist."
The gnoll sergeant closely misses you.
Really quaff
c - 2 potions of heal wounds {!q}?
You feel much better.
The gnoll sergeant hits you with the +7 spear "Kineemicw" {vamp, rElec rN++}.
* * * LOW HITPOINT WARNING * * *
Press: ? - help, v - describe, . - travel
Here: a gnoll sergeant, wielding the +7 spear "Kineemicw" {vamp, rElec rN++}, wearing a +0 scale mail and wearing a +2 buckler The floor.
Really quaff
c - a potion of heal wounds {!q}?
You feel much better.
The gnoll sergeant hits you with the +7 spear "Kineemicw" {vamp, rElec rN++}!
* * * LOW HITPOINT WARNING * * *
The gnoll sergeant blocks your attack.
The gnoll sergeant hits you with the +7 spear "Kineemicw" {vamp, rElec rN++}!
* * * LOW HITPOINT WARNING * * *
You hit the gnoll sergeant.
The gnoll sergeant is lightly wounded.
The gnoll sergeant barely misses you.
You hit the gnoll sergeant.
The gnoll sergeant is heavily wounded.
Your spectral weapon fades away.
The gnoll sergeant hits you but does no damage.
A gnoll sergeant is nearby!
Unknown command.
Casting: Spectral Weapon (safe; 4% risk of failure)
Confirm with . or Enter, or press ? or * to list all spells.
You draw out your weapon's spirit!
The gnoll sergeant hits you with the +7 spear "Kineemicw" {vamp, rElec rN++}.
* * * LOW HITPOINT WARNING * * *
The gnoll sergeant draws strength from your wounds!
Unknown command.
The gnoll sergeant blocks your attack.
The gnoll sergeant is moderately wounded.
The gnoll sergeant barely misses you.
You barely miss the gnoll sergeant.
The gnoll sergeant is moderately wounded.
You block the gnoll sergeant's attack. The gnoll sergeant blocks your attack.
The gnoll sergeant is moderately wounded.
The gnoll sergeant completely misses you.
You barely miss the gnoll sergeant.
The gnoll sergeant is moderately wounded.
The gnoll sergeant blocks your spectral weapon's attack.
The gnoll sergeant barely misses you.
Ijustatesigmund's ghost whispers, "It is all a dream - a grotesque and foolish dream."
You hit the gnoll sergeant but do no damage.
The gnoll sergeant is moderately wounded.
The gnoll sergeant hits you with the +7 spear "Kineemicw" {vamp, rElec rN++}!
* * * LOW HITPOINT WARNING * * *
The gnoll sergeant draws strength from your wounds!
The gnoll sergeant hits you with the +7 spear "Kineemicw" {vamp, rElec rN++}.
* * * LOW HITPOINT WARNING * * *
The gnoll sergeant draws strength from your wounds!
You closely miss the gnoll sergeant.
The gnoll sergeant is moderately wounded.
The gnoll sergeant hits your spectral weapon with the +7 spear "Kineemicw" {vamp, rElec rN++}!
Your spectral weapon shares its damage with you!
* * * LOW HITPOINT WARNING * * *
You closely miss the gnoll sergeant.
The gnoll sergeant is severely wounded.
The gnoll sergeant hits you with the +7 spear "Kineemicw" {vamp, rElec rN++}!
You die...
Your body crumbles into a pile of gold.

####.###.##..≈≈#..###.###..#≈≈...
#.#.......≈≈#...........#≈≈.##
#.###.....≈≈###.##g##.###≈≈...
#.........≈≈..#.#.W.#.#..≈≈.##
#.........≈≈.##.#⌠.⌠#.##.≈≈.##
#.........≈≈.#..#...#..#.≈≈...
#.[.......≈≈.##.##$##.##.≈≈.##
#.........≈≈(g#W#$.$#.#.......
#.........≈≈.@#gg.©$'.#©....#.
#.#######.≈≈..#g#8$8#.#.......
###.#####...≈≈.##.#####.##.≈≈.#.
#......##...≈≈.#©.#.:.#..#.≈≈.#.
##......##...≈≈.##.#..[#.##.≈≈...
.'...........≈≈..#.#$$$#.#..≈≈...
##.......###.≈≈###.##'##.###≈≈...
#.......###)≈≈#........g..#≈≈...
#...........≈≈#..###g###g.#≈≈...


You could see 3 gnoll sergeants, Ijustatesigmund's ghost, a gnoll and a friendly
spectral +2 whip of electrocution.

Vanquished Creatures
  Pikel (D:4)
  2 trolls (D:9)
  Grinder (D:4)
  A hippogriff (D:9)
  A spriggan (D:9)
  2 water moccasins (D:7)
  Duvessa (D:4)
  A black bear (D:9)
  4 slaves (D:4)
  An ice beast (D:3)
  5 ogres
  2 phantoms
  2 centaurs
  2 bullfrogs
  Dowan (D:4)
  A wyvern skeleton (D:7)
  A water moccasin skeleton (D:7)
  A howler monkey (D:6)
  3 crimson imps
  A bullfrog zombie (D:7)
  A bullfrog skeleton (D:4)
  A jelly (D:8)
  An orc priest (D:7)
  3 hounds
  A gnoll shaman (D:7)
  Natasha (thrice) (D:4)
  2 iguanas
  2 orc wizards
  5 worker ants
  A hound zombie (D:6)
  A hound skeleton (D:7)
  A worker ant zombie (D:6)
  7 gnolls
  9 adders
  2 shadow imps
  An ooze (D:2)
  2 adder skeletons
  4 worms
  4 dart slugs
  6 leopard geckos
  20 orcs
  9 bats
  4 giant cockroaches
  9 goblins
  7 hobgoblins
  2 jackals (D:2)
  7 kobolds
  2 quokkas
  5 frilled lizards
  2 leopard gecko skeletons
  11 rats
169 creatures vanquished.

Vanquished Creatures (others)
  6 plants (D:7)
  A spectral weapon (D:9)
7 creatures vanquished.

Grand Total: 176 creatures vanquished

Notes
Turn   | Place    | Note
-------+----------+-------------------------------------------
     0 | D:1      | Amnesiac the Merfolk Skald began the quest for the Orb.
     0 | D:1      | Reached XP level 1. HP: 16/16 MP: 3/3
   172 | D:2      | Reached XP level 2. HP: 22/22 MP: 0/5
   277 | D:2      | Noticed an angel
   278 | D:2      | Found a shimmering altar of Xom.
   278 | D:2      | Found a glowing silver altar of Zin.
   332 | D:2      | Reached XP level 3. HP: 23/27 MP: 1/6
   468 | D:2      | Learned a level 3 spell: Spectral Weapon
   807 | D:3      | Reached skill level 1 in Hexes
   807 | D:3      | Reached XP level 4. HP: 33/33 MP: 0/8
   979 | D:3      | HP: 1/33 [goblin/+0 club (1)]
  1296 | D:3      | Reached XP level 5. HP: 27/38 MP: 3/10
  1561 | D:4      | Noticed a phantom
  1565 | D:4      | Got an ancient flail
  1567 | D:4      | Identified the +6 flail of Ascent {drain, Str+3 Dex+4 SInv}
                  | (You found it on level 4 of the Dungeon)
  1579 | D:4      | Killed a phantom
  1579 | D:4      | Reached skill level 4 in Polearms
  1579 | D:4      | Reached XP level 6. HP: 44/44 MP: 8/11
  1650 | D:4      | Found a basalt altar of Yredelemnul.
  1654 | D:4      | Found a staircase to the Ecumenical Temple.
  1660 | Temple   | Entered the Ecumenical Temple
  1787 | Temple   | Became a worshipper of Gozag Ym Sagoz the Greedy
  3429 | D:3      | Noticed an ice beast
  3438 | D:3      | Killed an ice beast
  3438 | D:3      | Reached skill level 5 in Polearms
  3535 | D:4      | Noticed a slave
  3535 | D:4      | Noticed a slave
  3548 | D:4      | Killed a slave
  3550 | D:4      | Noticed a slave
  3562 | D:4      | Killed a slave
  3565 | D:4      | Killed a slave
  3589 | D:4      | Noticed a slave
  3596 | D:4      | Killed a slave
  3743 | D:4      | Noticed Pikel
  3749 | D:4      | Killed Pikel
  3749 | D:4      | Reached skill level 6 in Polearms
  3749 | D:4      | Reached XP level 7. HP: 50/50 MP: 8/13
  3826 | D:4      | Reached XP level 8. HP: 53/56 MP: 14/14
  3875 | D:4      | Noticed Natasha
  3887 | D:4      | Killed Natasha
  3892 | D:4      | Reached skill level 7 in Polearms
  3948 | D:4      | Found Quujoen's Antique Weapon Shoppe.
  4073 | D:4      | Noticed Grinder
  4079 | D:4      | Paralysed by Grinder for 7 turns
  4098 | D:4      | Killed Grinder
  4098 | D:4      | Reached skill level 5 in Hexes
  4118 | D:4      | Found a sparkling altar of Nemelex Xobeh.
  4203 | D:4      | Noticed Duvessa
  4203 | D:4      | Noticed Dowan
  4212 | D:4      | Killed Duvessa
  4212 | D:4      | Reached skill level 8 in Polearms
  4221 | D:4      | Killed Dowan
  4631 | D:4      | Noticed Natasha
  4639 | D:4      | Killed Natasha
  4725 | D:4      | Noticed Natasha
  4734 | D:4      | Killed Natasha
  4760 | D:5      | Entered Level 5 of the Dungeon
  5376 | D:5      | Found Qerira's Distillery.
  5383 | D:5      | Reached skill level 5 in Charms
  5388 | D:5      | Bought a potion of curing for 30 gold pieces
  5388 | D:5      | Bought a potion of mutation for 80 gold pieces
  5388 | D:5      | Bought a potion of cancellation for 80 gold pieces
  5388 | D:5      | Bought 2 potions of flight for 60 gold pieces
  5388 | D:5      | Bought a potion of invisibility for 80 gold pieces
  5388 | D:5      | Bought a potion of ambrosia for 80 gold pieces
  5470 | D:6      | Found a shadowy altar of Dithmenos.
  5474 | D:6      | Reached skill level 9 in Polearms
  5550 | D:6      | You fall into a shaft and drop 3 floors!
  5561 | D:9      | Reached XP level 9. HP: 48/61 MP: 13/15
  5573 | D:9      | Noticed a troll
  5580 | D:9      | Killed a troll
  5580 | D:9      | Reached skill level 10 in Polearms
  5613 | D:9      | Noticed a troll
  5620 | D:9      | Killed a troll
  5620 | D:9      | Reached skill level 11 in Polearms
  5745 | D:9      | Reached skill level 12 in Polearms
  5816 | D:9      | Reached skill level 13 in Polearms
  6044 | D:8      | Identified a paperback manual
  6188 | D:7      | Found Vatic's Antique Armour Emporium.
  6307 | D:7      | Bought a runed helmet for 240 gold pieces
  6345 | D:7      | Reached skill level 14 in Polearms
  6485 | D:7      | Reached XP level 10. HP: 66/68 MP: 16/16
  6680 | D:7      | Found a transporter.
  6861 | D:6      | Reached skill level 5 in Dodging
  7384 | D:7      | Noticed Ijustatesigmund's ghost (novice OpFi)
  7389 | D:7      | Found a transporter.
  7390 | D:7      | Identified the +7 spear "Kineemicw" {vamp, rElec rN++}
  7392 | D:7      | Identified the ring "Wesevvud" {rN+ MR++ MP+9 Int-3}
  7508 | D:7      | Found a basalt altar of Yredelemnul.
  7513 | D:7      | Found an ornate altar of the Wu Jian Council.
  7523 | D:7      | Found a snail-covered altar of Cheibriados.
  7528 | D:7      | Found a deep blue altar of Sif Muna.
  7535 | D:7      | Found a hazy altar of Hepliaklqana.
  7540 | D:7      | Found a bloodstained altar of Trog.
  7554 | D:7      | Found a glowing golden altar of the Shining One.
  7800 | D:7      | Mangled by a gnoll sergeant

Levels and vault maps discovered:
D:1:      lightli_arrival_farm, layout_basic
D:2:      layout_loops_corners, grunt_temple_overflow_order_and_chaos_1,
          serial_forest, infiniplex_forest_lined_3_way,
          infiniplex_forest_clump_cross, infiniplex_forest_pool,
          infiniplex_forest_clump_large, infiniplex_forest_end_3,
          infiniplex_forest_join, infiniplex_forest_clump_C,
          infiniplex_forest_clump_cross, infiniplex_forest_clump_curved
D:3:      layout_loops_ring, minmay_circle_x
D:4:      layout_cave_pods, lemuel_doored_altar, minmay_temple_entry_hall,
          serial_shops, nicolae_shop_statue_plus, first_ration,
          serial_bayou_lagoon_a, yredelemnul_altar_generic, uniq_pikel,
          uniq_duvessa, uniq_natasha, uniq_grinder
D:5:      layout_loops_cross, serial_shops, shop
D:6:      layout_basic, kennysheep_mini
D:7:      layout_basic, grunt_temple_overflow_octagram, serial_shops,
          nicolae_shop_stone, gammafunk_ghost_gnarly_gnolls, sigmund_army
D:8:      layout_rooms, nicolae_ru_great_annihilating_truth,
          kennysheep_little_box, chequers_serial_rivers_micro_e, uniq_psyche,
          uniq_prince_ribbit1
D:9:      layout_loops_ring, lair_entry_dummy, orc_0_dummy, the_bakery
Temple:   nicolae_temple_figure_zero

Skill      XL: |  1  2  3  4  5  6  7  8  9 10 |
---------------+-------------------------------+-----
Charms         | 4 5 |  5.0
Spellcasting   | 3 4 |  4.5
Hexes          | 1 2 3 4 5 |  5.1
Polearms       | 4 6 9 14 | 14.1
Shields        | 2 4 |  4.0
Dodging        | 3 5 |  5.8
Fighting       | 3 |  3.7
Armour         | |  0.6

Action                   |  1- 3 |  4- 6 |  7- 9 | 10-12 || total
-------------------------+-------+-------+-------+-------++-------
Melee: Spear             |    81 |    82 |       |       ||   163
       Tailslap          |     1 |       |       |       ||     1
       Flail             |       |    65 |   169 |    49 ||   283
       Whip              |       |       |    33 |    61 ||    94
 Cast: Infusion          |    11 |     4 |       |       ||    15
       Spectral Weapon   |     1 |    12 |    12 |     5 ||    30
  Use: Potion            |       |     1 |       |     2 ||     3
       Scroll            |       |     1 |     7 |       ||     8
 Stab: Sleeping          |     1 |     3 |     2 |       ||     6
       Distracted        |       |       |     6 |       ||     6
  Eat: Chunk             |       |     4 |       |       ||     4
       Ration            |       |     2 |     3 |     2 ||     7
Armor: Leather armour    |     7 |    25 |    52 |    18 ||   102
       Robe              |       |       |     4 |       ||     4
Dodge: Dodged            |    43 |    84 |   116 |    70 ||   313
Block: Buckler           |       |    10 |    59 |    31 ||   100

Table legend:
 A = Non-vault XP
 B = Vault XP
 C = Vault XP percentage of total XP
 D = Non-vault monster count
 E = Vault monster count
 F = Vault count percentage of total count
                 A         B        C        D         E       F
            +---------+---------+-------+---------+---------+-------
      Total |    4110 |    1490 |  26.6 |     148 |      17 |  10.3
            +---------+---------+-------+---------+---------+-------
        D:1 |      19 |       0 |   0.0 |      12 |       0 |   0.0
        D:2 |      77 |       2 |   2.5 |      26 |       1 |   3.7
        D:3 |     237 |      22 |   8.5 |      31 |       3 |   8.8
        D:4 |     407 |    1154 |  73.9 |      17 |       5 |  22.7
        D:5 |     161 |       0 |   0.0 |       9 |       0 |   0.0
        D:6 |     673 |       0 |   0.0 |      17 |       0 |   0.0
        D:7 |     832 |     101 |  10.8 |      20 |       7 |  25.9
        D:8 |      46 |       0 |   0.0 |       2 |       0 |   0.0
        D:9 |    1658 |     211 |  11.3 |      14 |       1 |   6.7
            +---------+---------+-------+---------+---------+-------
